 Dungeon Crawl Stone Soup version 0.31-a0-152-g6aa68a64a1 (webtiles) character file.

Game seed: 11733972409672700041

74975 qw the Marksgargoyle (level 15, -13/101 HPs)
             Began as a Gargoyle Hunter on June 11, 2023.
             Was a High Priest of Okawaru.
             Mangled by a titanic slime creature (114 damage)
             ... on level 13 of the Dungeon.
             The game lasted 00:10:20 (20620 turns).

qw the Marksgargoyle (Gargoyle Hunter)             Turns: 20620, Time: 00:10:21

Health: -13/101    AC: 28    Str: 15    XL:     15   Next: 48%
Magic:  20/22      EV: 27    Int: 10    God:    Okawaru [*****.]
Gold:   1401       SH:  0    Dex: 32    Spells: 14/14 levels left

rFire   + . .        l - +3 triple crossbow (chaos)
rCold   + . .        (shield currently unavailable)
rNeg    + . .        r - +2 ring mail {rPois}
rPois   inf          A - +2 hat of Okawaru, Breathing {Int+4 SInv}
rElec   +            C - scarf of Zaothroch {rC+ rF+, Dex+3}
rCorr   +            d - +2 pair of gloves
SInv    +            y - +0 pair of boots
Will    +....        p - amulet of the acrobat
Stlth   ++++         k - +6 ring of dexterity
HPRegen 0.36/turn    s - ring "Ijungeaji" {rPois rCorr Int-5 Dex+4}
MPRegen 0.18/turn

%: acrobat
@: about to teleport, heroic, flying
A: sickness immunity, AC +11, big wings, negative energy resistance 1,
electricity resistance, torment resistance 1, petrification resistance
a: Renounce Religion, Heroism, Finesse, Duel


You were on level 13 of the Dungeon.
You worshipped Okawaru.
Okawaru was extremely pleased with you.
You visited 3 branches of the dungeon, and saw 19 of its levels.

You collected 1493 gold pieces.
You spent 92 gold pieces at shops.


Innate Abilities, Weirdness & Mutations

You are immune to sickness and miasma.
Your stone body is resilient. (AC +11)
You are immune to poison.
Your large and strong wings let you fly.
You resist negative energy. (rN+)
You are resistant to electric shocks. (rElec)
You are resistant to unholy torment.
You are immune to petrification.


   Skills:
 - Level 14.5(19.5) Fighting
 + Level 18.0(23.0) Ranged Weapons
 - Level 7.1(12.1) Armour
 - Level 10.0(15.0) Dodging
 - Level 1.1(6.1) Stealth
 - Level 10.0 Invocations


You had 14 spell levels left.
You didn't know any spells.
Your spell library was empty.

Inventory:

Hand Weapons
 l - a +3 triple crossbow of chaos (weapon)
 B - a +1 longbow of flaming
Armour
 d - a +2 pair of gloves (worn)
 j - a +2 helmet
 q - a +2 robe of cold resistance
 r - a +2 ring mail of poison resistance (worn)
 y - a +0 pair of boots (worn)
 A - the +2 hat of Okawaru, Breathing (worn) {Int+4 SInv}
   (Okawaru gifted it to you on level 12 of the Dungeon)

   Int:       It affects your intelligence (+4).
   SInv:      It lets you see invisible.
 C - the scarf of Zaothroch (worn) {rC+ rF+, Dex+3}
   (You found it on level 12 of the Dungeon)

   Dex:       It affects your dexterity (+3).
Jewellery
 k - a +6 ring of dexterity (left hand)
 m - a ring of resist corrosion
 p - an amulet of the acrobat (around neck)
 s - the ring "Ijungeaji" (right hand) {rPois rCorr Int-5 Dex+4}
   (You found it on level 5 of the Dungeon)

   [ring of resist corrosion]

   Int:       It affects your intelligence (-5).
   Dex:       It affects your dexterity (+4).
   rPois:     It protects you from poison.
   rCorr:     It protects you from acid and corrosion.
 u - a ring of protection from fire
 v - an amulet of guardian spirit
 w - a ring of ice
Wands
 t - a wand of digging (6)
Scrolls
 b - 8 scrolls of identify
 n - 3 scrolls of teleportation
Potions
 a - 4 potions of mutation
 c - 3 potions of attraction
 e - 5 potions of lignification
 f - 9 potions of might
 g - 10 potions of curing
 h - a potion of magic
 i - a potion of resistance
 o - 2 potions of cancellation
 z - a potion of heal wounds

Dungeon Overview and Level Annotations

Branches:
Dungeon (13/15)            Temple (1/1) D:6            Lair (5/5) D:8
  Swamp (0/4) Lair:3        Snake (0/4) Lair:3        Slime (0/5) Lair:5
    Orc (0/2) D:10
 Vaults: D:13-14

Altars:
Ashenzari
Cheibriados
Dithmenos
Elyvilon
Fedhas
Gozag
Hepliaklqana
Kikubaaqudgha
Makhleb
Nemelex Xobeh
Okawaru
Qazlal
Ru
Sif Muna
Trog
Uskayaw
Vehumet
Wu Jian
Xom
Yredelemnul
Zin
The Shining One
Jiyva

Shops:
D:4 *   D:11 (   D:12 (

Annotations:
D:4 3 runed translucent doors, qw's ghost, amateur MiHu; qw's ghost, amateur NaHu; qw's ghost, novice GrFi
D:11 2 transporters, Danoj's ghost, journeyman DsFi
Lair:5 1 runed translucent door, qw's ghost, journeyman MiHu


Message History

Enter note:
Enter note: You shoot a bolt.
The bolt hits the slime creature!!
The slime creature is moderately wounded.
A slime creature comes into view.
You shoot a bolt.
The bolt barely misses the slime creature.
A slime creature comes into view.
You shoot a bolt. The slime creature quivers.
The bolt hits the slime creature!!
The bolt freezes the slime creature!
The slime creature is heavily wounded.
You shoot a bolt.
The bolt barely misses the slime creature.
A slime creature comes into view.
The slime creature moves out of view.
A slime creature comes into view.
You shoot a bolt.
The bolt barely misses the slime creature.
You shoot a bolt. The bolt hits the slime creature!
The slime creature is severely wounded.
Two slime creatures merge to form a large slime creature.
You shoot a bolt. The bolt hits the large slime creature!
The large slime creature seems to grow stronger.
The large slime creature is heavily wounded.
The large slime creature misses you.
Two slime creatures merge to form a very large slime creature.
20618 ||| INVOKING Heroism.
You gain the combat prowess of a mighty hero.
You shoot a bolt.
The bolt hits the very large slime creature!!
The very large slime creature is heavily wounded.
Two slime creatures merge to form an enormous slime creature.
Two slime creatures merge to form a titanic slime creature.
20620 ||| READING 4 scrolls of teleportation.
As you read the scroll of teleportation, it crumbles to dust.
You feel strangely unstable. The titanic slime creature hits you!!!!
Ouch! That really hurt!
You die...

#......# #......#
#####...}..#
#######...#......#
..........#......#
..........#......#
..........'......#
##..##.###......#
#@#.......##
......J.#.......#
........#.......#
........#.......#
######....#...[...##
#..##########......#
#...'.......#......#
#...#.......#......+ .#
#...#.......#......#...#


You could see a titanic slime creature (strong).

Vanquished Creatures
  Gastronok (Lair:1)
  Nessos (D:12)
  Snorg (D:12)
  7 hydras
  5 centaur warriors
  8 two-headed ogres
  A tengu warrior (D:12)
  A boulder beetle (D:12)
  A catoblepas (Lair:2)
  2 death yaks (Lair:4)
  A fire crab (D:12)
  2 skysharks
  Lodul (D:11)
  2 lindwurms
  A necromancer (Lair:5)
  A deep elf pyromancer (D:12)
  A wolf spider (D:12)
  3 cyclopes
  3 manticores
  8 elephants
  6 black mambas
  Maurice (D:8)
  3 gargoyles (D:11)
  4 torpor snails
  21 cane toads
  9 rime drakes
  Psyche (D:8)
  2 unseen horrors (D:12)
  3 kobold demonologists
  13 komodo dragons
  4 trolls
  26 blink frogs
  A tyrant leech (Lair:4)
  5 hornets
  15 dream sheep
  A vampire (D:12)
  5 slime creatures (D:12)
  12 wyverns
  4 wraiths
  2 shadows
  8 basilisks
  34 yaks
  13 vampire mosquitoes
  An acid dragon (D:10)
  2 nagas (Lair:3)
  3 hell hounds (Lair:4)
  12 water moccasins
  5 sky beasts
  5 black bears
  16 orc warriors
  9 ogres (D:11)
  15 wolves
  4 centaurs
  A phantom (D:7)
  3 kobold brigands
  19 bullfrogs
  4 gnoll sergeants
  4 scorpions
  10 wights
  4 howler monkeys
  5 electric eels
  6 hounds
  3 jellies
  10 orc priests
  3 sleepcaps
  9 hell rats (Lair:4)
  6 iguanas
  13 orc wizards
  A polar bear simulacrum (Lair:5)
  3 yak simulacra (Lair:5)
  6 wolf simulacra (Lair:5)
  15 gnolls
  12 adders
  A shadow imp (D:6)
  A white imp (D:6)
  5 dart slugs
  51 orcs
  7 bats
  5 endoplasms
  7 giant cockroaches
  11 hobgoblins
  9 jackals
  A quokka (D:4)
  10 ball pythons
  6 goblins
  18 kobolds
  9 rats
  A river rat simulacrum (Lair:5)
595 creatures vanquished.

Notes
Turn   | Place    | Note
-------+----------+-------------------------------------------
     0 | D:1      | qw the Gargoyle Hunter began the quest for the Orb.
     0 | D:1      | Reached XP level 1. HP: 12/12 MP: 1/1
     0 | D:1      | 0 ||| qw: Version: 0.2-a-29-gdad1ea2
     0 | D:1      | 0 ||| qw: Game counter: 4071
     0 | D:1      | 0 ||| qw: Always use a shield: true
     0 | D:1      | 0 ||| qw: God list: Okawaru
     0 | D:1      | 0 ||| qw: Allow faded altars: false
     0 | D:1      | 0 ||| qw: Do Orc after D:15 true
     0 | D:1      | 0 ||| qw: Do second Lair branch before Depths: true
     0 | D:1      | 0 ||| qw: Lair rune preference: random
     0 | D:1      | 0 ||| qw: Plans: Normal, Zot:1-4, Slime:5, God:TSO, Crypt,
                  | Tomb, Abyss, Pan, Hells, Win
     0 | D:1      | 0 ||| PLANNING D:1-11
   165 | D:1      | Reached XP level 2. HP: 17/17 MP: 2/2
   613 | D:1      | Reached skill level 5 in Ranged Weapons
   613 | D:1      | Reached XP level 3. HP: 21/21 MP: 3/3
   734 | D:1      | 734 ||| UPGRADING to +0 ring mail.
   744 | D:1      | 744 ||| DROPPING +0 leather armour.
   745 | D:1      | 745 ||| UPGRADING to +0 cloak.
   750 | D:1      | 750 ||| UPGRADING to ring of willpower.
   751 | D:1      | 751 ||| UPGRADING to ring of see invisible.
   752 | D:1      | 752 ||| READING scroll labelled YCEIMI CYNNYSH.
   753 | D:1      | 753 ||| READING scroll labelled ZOUTHI CUUR.
   754 | D:1      | 754 ||| READING scroll labelled UPIDDORPHIU.
   755 | D:1      | 755 ||| DRINKING 2 clear potions.
   756 | D:1      | 756 ||| DROPPING scroll of butterflies.
   821 | D:2      | Reached skill level 1 in Armour
  1106 | D:2      | Reached XP level 4. HP: 27/27 MP: 4/4
  1159 | D:2      | Reached skill level 3 in Fighting
  1578 | D:2      | Reached XP level 5. HP: 32/32 MP: 5/5
  1693 | D:2      | 1693 ||| UPGRADING to +0 pair of gloves.
  1698 | D:2      | 1698 ||| READING scroll labelled ICEARYOZAF.
  1699 | D:2      | 1699 ||| READING 3 scrolls of identify.
  1699 | D:2      | 1699 ||| IDENTIFYING fizzy grey potion
  1700 | D:2      | 1700 ||| READING 2 scrolls of identify.
  1700 | D:2      | 1700 ||| IDENTIFYING viscous sapphire potion
  1701 | D:2      | 1701 ||| DROPPING potion of brilliance.
  1853 | D:3      | 1853 ||| UPGRADING to +6 ring of dexterity.
  1855 | D:3      | 1855 ||| READING scroll labelled IPUSTOPREG.
  1856 | D:3      | 1856 ||| READING 2 scrolls of identify.
  1856 | D:3      | 1856 ||| IDENTIFYING ruby potion
  1999 | D:3      | 1999 ||| DRINKING 2 fuming white potions.
  2056 | D:3      | Noticed a kobold brigand
  2067 | D:3      | Killed a kobold brigand
  2068 | D:3      | Reached skill level 6 in Ranged Weapons
  2219 | D:3      | Reached XP level 6. HP: 37/37 MP: 6/6
  2597 | D:3      | 2597 ||| READING scroll labelled JIYTSASOWN.
  2600 | D:3      | 2600 ||| DRINKING 2 bubbling grey potions.
  2601 | D:3      | 2601 ||| READING 3 scrolls of identify.
  2601 | D:3      | 2601 ||| IDENTIFYING blue potion
  2602 | D:3      | 2602 ||| READING 2 scrolls of identify.
  2602 | D:3      | 2602 ||| IDENTIFYING green potion
  2603 | D:3      | 2603 ||| DROPPING potion of degeneration.
  2850 | D:4      | 2850 ||| READING scroll of enchant weapon.
  2850 | D:4      | 2850 ||| ENCHANTING +1 shortbow.
  2951 | D:4      | 2951 ||| Stepping ~*~*~tactically~*~*~ (outnumbered).
  2954 | D:4      | 2954 ||| Stepping ~*~*~tactically~*~*~ (outnumbered).
  2956 | D:4      | 2956 ||| Stepping ~*~*~tactically~*~*~ (outnumbered).
  2960 | D:4      | 2960 ||| Stepping ~*~*~tactically~*~*~ (outnumbered).
  3118 | D:4      | Reached skill level 7 in Ranged Weapons
  3118 | D:4      | Reached XP level 7. HP: 24/43 MP: 7/7
  3120 | D:4      | 3120 ||| FLEEEEING.
  3121 | D:4      | 3121 ||| FLEEEEING.
  3122 | D:4      | 3122 ||| FLEEEEING.
  3135 | D:4      | 3135 ||| FLEEEEING.
  3152 | D:4      | 3152 ||| FLEEEEING.
  3157 | D:4      | 3157 ||| FLEEEEING.
  3158 | D:4      | 3158 ||| FLEEEEING.
  3262 | D:4      | Found Lyoh's Assorted Antiques.
  3271 | D:4      | 3271 ||| BUYING 2 scrolls of identify (92 gold).
  3271 | D:4      | Bought 2 scrolls of identify for 92 gold pieces
  3271 | D:4      | 3271 ||| SHOPLISTING blackened gold wand (92 gold, have
                  | 78).
  3271 | D:4      | 3271 ||| SHOPLISTING brass wand (92 gold, have 78).
  3271 | D:4      | 3271 ||| SHOPLISTING scroll of enchant weapon (172 gold,
                  | have 78).
  3356 | D:4      | 3356 ||| SWAPPING to +0 orcbow.
  3357 | D:4      | 3357 ||| DROPPING +2 shortbow.
  3421 | D:4      | Found a runed translucent gate.
  3421 | D:4      | Found a runed translucent gate.
  3422 | D:4      | Found a runed translucent gate.
  3424 | D:4      | Noticed qw's ghost (amateur NaHu)
  3424 | D:4      | Noticed qw's ghost (amateur MiHu)
  3424 | D:4      | Noticed qw's ghost (novice GrFi)
  3879 | D:4      | 3879 ||| UPGRADING to +2 ring mail of poison resistance.
  3889 | D:4      | 3889 ||| DROPPING +0 ring mail.
  3890 | D:4      | 3890 ||| UPGRADING to amulet of the acrobat.
  3895 | D:4      | 3895 ||| DRINKING 2 puce potions.
  3911 | D:5      | Entered Level 5 of the Dungeon
  3922 | D:5      | 3922 ||| STAIRDANCE
  4012 | D:5      | Reached skill level 8 in Ranged Weapons
  4106 | D:5      | Identified the +2 robe of Grace {Rampage *Slow rN+}
  4123 | D:5      | Reached XP level 8. HP: 49/49 MP: 8/8
  4124 | D:5      | Identified the ring "Ijungeaji" {rPois rCorr Int-5 Dex+4}
  4386 | D:5      | Reached skill level 9 in Ranged Weapons
  4407 | D:5      | Found a glowing golden altar of the Shining One.
  4569 | D:5      | Reached skill level 6 in Fighting
  4639 | D:5      | 4639 ||| DROPPING +2 robe of Grace {Rampage *Slow rN+}.
  4640 | D:5      | 4640 ||| DROPPING ring of willpower.
  4641 | D:5      | 4641 ||| UPGRADING to ring "Ijungeaji" {rPois rCorr Int-5
                  | Dex+4}.
  4648 | D:5      | Reached skill level 3 in Dodging
  4648 | D:5      | 4648 ||| DROPPING ring of see invisible.
  4649 | D:5      | 4649 ||| READING scroll labelled FALOBICYFE.
  4685 | D:5      | HP: 9/51 [orc warrior/+0 long sword of holy wrath (4)]
  4686 | D:5      | 4686 ||| READING 2 scrolls of teleportation.
  4687 | D:5      | 4687 ||| DRINKING potion of heal wounds.
  5332 | D:6      | 5332 ||| PLANNING SEWER
  5350 | D:6      | Reached XP level 9. HP: 55/55 MP: 9/9
  5458 | D:6      | Reached skill level 10 in Ranged Weapons
  5562 | D:6      | Found a staircase to the Ecumenical Temple.
  5757 | D:6      | Reached skill level 3 in Armour
  5757 | D:6      | 5757 ||| FLEEEEING.
  5877 | D:6      | Found a burning altar of Makhleb.
  5877 | D:6      | Found a stormy altar of Qazlal.
  5987 | D:6      | 5987 ||| RIP SEWER
  6016 | D:6      | 6016 ||| PLANNING TEMPLE
  6016 | D:6      | 6016 ||| UPGRADING to +1 helmet.
  6021 | D:6      | 6021 ||| READING scroll labelled EFINLO TUMILOUTOU.
  6022 | D:6      | 6022 ||| READING scroll labelled YBUONA ONEUT.
  6023 | D:6      | 6023 ||| READING 5 scrolls of identify.
  6023 | D:6      | 6023 ||| IDENTIFYING metallic coppery potion
  6053 | Temple   | Entered the Ecumenical Temple
  6054 | Temple   | 6054 ||| PLANNING OKAWARU WORSHIP
  6140 | Temple   | Became a worshipper of Warmaster Okawaru
  6140 | Temple   | 6140 ||| PLANNING D:1-11
  6445 | D:6      | 6445 ||| READING scroll labelled YSTELO XAOCEWO.
  6541 | D:7      | 6541 ||| FLEEEEING.
  6542 | D:7      | 6542 ||| FLEEEEING.
  6603 | D:7      | Noticed a hornet
  6609 | D:7      | Killed a hornet
  6609 | D:7      | Reached * piety under Okawaru
  6750 | D:7      | Reached skill level 1 in Invocations
  6760 | D:7      | 6760 ||| INVOKING Heroism.
  6862 | D:7      | Reached skill level 3 in Invocations
  6928 | D:7      | 6928 ||| INVOKING Heroism.
  6933 | D:7      | Reached skill level 11 in Ranged Weapons
  7086 | D:7      | Found a faded altar of an unknown god.
  7086 | D:7      | Found a hazy altar of Hepliaklqana.
  7086 | D:7      | Found a faded altar of an unknown god.
  7191 | D:7      | Reached XP level 10. HP: 63/63 MP: 12/12
  7401 | D:7      | 7401 ||| Stepping ~*~*~tactically~*~*~ (water).
  7524 | D:7      | 7524 ||| DROPPING amulet of magic regeneration.
  7525 | D:7      | 7525 ||| READING scroll labelled ITWOEH UTINY.
  7672 | D:8      | 7672 ||| INVOKING Heroism.
  7760 | D:8      | 7760 ||| INVOKING Heroism.
  7859 | D:8      | Noticed Maurice
  7864 | D:8      | 7864 ||| FLEEEEING.
  7865 | D:8      | 7865 ||| FLEEEEING.
  7893 | D:8      | Killed Maurice
  7980 | D:8      | 7980 ||| FLEEEEING.
  7981 | D:8      | 7981 ||| FLEEEEING.
  7982 | D:8      | 7982 ||| FLEEEEING.
  7983 | D:8      | 7983 ||| FLEEEEING.
  7984 | D:8      | 7984 ||| FLEEEEING.
  7985 | D:8      | 7985 ||| FLEEEEING.
  7986 | D:8      | 7986 ||| FLEEEEING.
  7987 | D:8      | 7987 ||| FLEEEEING.
  7988 | D:8      | 7988 ||| FLEEEEING.
  7989 | D:8      | 7989 ||| FLEEEEING.
  7990 | D:8      | 7990 ||| FLEEEEING.
  7991 | D:8      | 7991 ||| FLEEEEING.
  7992 | D:8      | 7992 ||| FLEEEEING.
  7993 | D:8      | 7993 ||| FLEEEEING.
  7994 | D:8      | 7994 ||| FLEEEEING.
  7995 | D:8      | 7995 ||| FLEEEEING.
  7996 | D:8      | 7996 ||| FLEEEEING.
  7997 | D:8      | 7997 ||| FLEEEEING.
  7998 | D:8      | 7998 ||| FLEEEEING.
  7999 | D:8      | 7999 ||| FLEEEEING.
  8000 | D:8      | 8000 ||| FLEEEEING.
  8001 | D:8      | 8001 ||| FLEEEEING.
  8002 | D:8      | 8002 ||| FLEEEEING.
  8003 | D:8      | 8003 ||| FLEEEEING.
  8004 | D:8      | 8004 ||| FLEEEEING.
  8005 | D:8      | 8005 ||| FLEEEEING.
  8006 | D:8      | 8006 ||| STAIRDANCE
  8028 | D:7      | 8028 ||| READING 5 scrolls of identify.
  8028 | D:7      | 8028 ||| IDENTIFYING bubbling yellow potion
  8039 | D:8      | 8039 ||| STAIRDANCE
  8139 | D:8      | Found a shimmering blue altar of Sif Muna.
  8187 | D:8      | 8187 ||| READING scroll of enchant armour.
  8187 | D:8      | 8187 ||| ENCHANTING +0 pair of gloves.
  8464 | D:8      | Noticed Psyche
  8465 | D:8      | 8465 ||| INVOKING Heroism.
  8478 | D:8      | Killed Psyche
  8528 | D:8      | You fall into a shaft and drop 2 floors!
  8528 | D:10     | Entered Level 10 of the Dungeon
  8529 | D:10     | 8529 ||| UPGRADING to +2 robe of cold resistance.
  8723 | D:9      | Reached ** piety under Okawaru
  8833 | D:8      | 8833 ||| INVOKING Heroism.
  8838 | D:8      | 8838 ||| Stepping ~*~*~tactically~*~*~ (outnumbered).
  8839 | D:8      | 8839 ||| Stepping ~*~*~tactically~*~*~ (outnumbered).
  8840 | D:8      | 8840 ||| Stepping ~*~*~tactically~*~*~ (outnumbered).
  8919 | D:8      | Found a staircase to the Lair.
  9000 | D:8      | 9000 ||| PLANNING LAIR
  9080 | Lair:1   | Entered Level 1 of the Lair of Beasts
  9159 | Lair:1   | 9159 ||| INVOKING Heroism.
  9174 | Lair:1   | Reached skill level 12 in Ranged Weapons
  9175 | Lair:1   | Noticed a cane toad
  9187 | Lair:1   | Noticed a torpor snail
  9195 | Lair:1   | 9195 ||| INVOKING Heroism.
  9199 | Lair:1   | Killed a cane toad
  9200 | Lair:1   | Reached XP level 11. HP: 30/69 MP: 11/14
  9207 | Lair:1   | Reached skill level 13 in Ranged Weapons
  9214 | Lair:1   | 9214 ||| INVOKING Heroism.
  9384 | Lair:1   | Reached skill level 9 in Fighting
  9387 | Lair:1   | 9387 ||| INVOKING Heroism.
  9491 | Lair:1   | 9491 ||| INVOKING Heroism.
  9558 | Lair:1   | 9558 ||| INVOKING Heroism.
  9574 | Lair:1   | Noticed Gastronok
  9586 | Lair:1   | Killed Gastronok
  9587 | Lair:1   | Reached skill level 6 in Dodging
  9591 | Lair:1   | Reached *** piety under Okawaru
  9597 | Lair:1   | 9597 ||| INVOKING Heroism.
  9668 | Lair:1   | 9668 ||| READING scroll of enchant armour.
  9668 | Lair:1   | 9668 ||| ENCHANTING +1 pair of gloves.
  9810 | Lair:1   | 9810 ||| READING scroll of enchant armour.
  9810 | Lair:1   | 9810 ||| ENCHANTING +1 helmet.
  9895 | Lair:1   | 9895 ||| INVOKING Heroism.
 10157 | Lair:2   | 10157 ||| READING scroll of enchant weapon.
 10157 | Lair:2   | 10157 ||| ENCHANTING +0 orcbow.
 10296 | Lair:2   | Noticed a lindwurm
 10297 | Lair:2   | 10297 ||| INVOKING Heroism.
 10309 | Lair:2   | Killed a lindwurm
 10310 | Lair:2   | Reached skill level 14 in Ranged Weapons
 10368 | Lair:2   | Noticed a six-headed hydra
 10369 | Lair:2   | 10369 ||| INVOKING Heroism.
 10382 | Lair:2   | Killed a six-headed hydra
 10382 | Lair:2   | Reached **** piety under Okawaru
 10595 | Lair:2   | Noticed a catoblepas
 10596 | Lair:2   | 10596 ||| INVOKING Heroism.
 10607 | Lair:2   | Killed a catoblepas
 10761 | Lair:2   | 10761 ||| INVOKING Heroism.
 10766 | Lair:2   | Reached XP level 12. HP: 77/77 MP: 12/15
 11345 | Lair:3   | 11345 ||| INVOKING Heroism.
 11364 | Lair:3   | 11364 ||| STAIRDANCE
 11364 | Lair:3   | HP: 18/77 [elephant (13)]
 11366 | Lair:2   | 11366 ||| READING 5 scrolls of teleportation.
 11367 | Lair:2   | 11367 ||| INVOKING Heroism.
 11413 | Lair:2   | 11413 ||| INVOKING Heroism.
 11596 | Lair:3   | 11596 ||| INVOKING Heroism.
 11680 | Lair:3   | Found a staircase to the Swamp.
 11680 | Lair:3   | Noticed a seven-headed hydra
 11681 | Lair:3   | 11681 ||| INVOKING Heroism.
 11683 | Lair:3   | Noticed an eight-headed hydra
 11691 | Lair:3   | Killed a seven-headed hydra
 11692 | Lair:3   | Reached skill level 15 in Ranged Weapons
 11697 | Lair:3   | Killed an eight-headed hydra
 11699 | Lair:3   | HP: 17/77 [vampire mosquito (6)]
 11700 | Lair:3   | 11700 ||| READING 4 scrolls of teleportation.
 11704 | Lair:3   | HP: 9/77 [naga/+0 hand axe (1)]
 11705 | Lair:3   | 11705 ||| INVOKING Heroism.
 11744 | Lair:3   | 11744 ||| INVOKING Heroism.
 11884 | Lair:3   | Noticed a six-headed hydra
 11885 | Lair:3   | 11885 ||| FLEEEEING.
 11886 | Lair:3   | 11886 ||| FLEEEEING.
 11887 | Lair:3   | 11887 ||| FLEEEEING.
 11888 | Lair:3   | 11888 ||| FLEEEEING.
 11889 | Lair:3   | 11889 ||| FLEEEEING.
 11890 | Lair:3   | 11890 ||| INVOKING Heroism.
 11897 | Lair:3   | Killed a six-headed hydra
 11912 | Lair:3   | 11912 ||| INVOKING Heroism.
 11913 | Lair:3   | 11913 ||| Stepping ~*~*~tactically~*~*~ (water).
 11958 | Lair:3   | 11958 ||| INVOKING Heroism.
 11983 | Lair:3   | 11983 ||| INVOKING Heroism.
 12123 | Lair:3   | 12123 ||| INVOKING Heroism.
 12199 | Lair:3   | 12199 ||| INVOKING Heroism.
 12220 | Lair:3   | 12220 ||| INVOKING Heroism.
 12328 | Lair:3   | 12328 ||| INVOKING Heroism.
 12409 | Lair:3   | Reached skill level 16 in Ranged Weapons
 12457 | Lair:3   | 12457 ||| INVOKING Heroism.
 12483 | Lair:3   | 12483 ||| INVOKING Heroism.
 12615 | Lair:3   | Identified the +1 whip "Oneub" {elec, rF+ Int-4 Dex+2}
 12830 | Lair:3   | Found a staircase to the Snake Pit.
 13046 | Lair:3   | 13046 ||| READING 5 scrolls of identify.
 13046 | Lair:3   | 13046 ||| IDENTIFYING fuming puce potion
 13047 | Lair:3   | 13047 ||| DROPPING potion of enlightenment.
 13121 | Lair:4   | 13121 ||| Stepping ~*~*~tactically~*~*~ (outnumbered).
 13122 | Lair:4   | 13122 ||| INVOKING Heroism.
 13150 | Lair:4   | 13150 ||| INVOKING Heroism.
 13154 | Lair:4   | Reached XP level 13. HP: 79/84 MP: 13/17
 13209 | Lair:4   | 13209 ||| INVOKING Heroism.
 13226 | Lair:4   | 13226 ||| INVOKING Heroism.
 13240 | Lair:4   | Reached skill level 6 in Invocations
 13283 | Lair:4   | 13283 ||| FLEEEEING.
 13284 | Lair:4   | 13284 ||| FLEEEEING.
 13285 | Lair:4   | 13285 ||| FLEEEEING.
 13288 | Lair:4   | 13288 ||| FLEEEEING.
 13289 | Lair:4   | 13289 ||| FLEEEEING.
 13290 | Lair:4   | 13290 ||| FLEEEEING.
 13291 | Lair:4   | 13291 ||| FLEEEEING.
 13294 | Lair:4   | 13294 ||| FLEEEEING.
 13295 | Lair:4   | 13295 ||| INVOKING Heroism.
 13376 | Lair:4   | 13376 ||| INVOKING Heroism.
 13539 | Lair:4   | 13539 ||| INVOKING Heroism.
 13664 | Lair:4   | 13664 ||| INVOKING Heroism.
 13806 | Lair:4   | 13806 ||| INVOKING Heroism.
 13830 | Lair:4   | Reached skill level 12 in Fighting
 13842 | Lair:4   | 13842 ||| INVOKING Heroism.
 14253 | Lair:4   | 14253 ||| INVOKING Heroism.
 14496 | Lair:4   | 14496 ||| Stepping ~*~*~tactically~*~*~ (outnumbered).
 14522 | Lair:4   | 14522 ||| INVOKING Heroism.
 14573 | Lair:4   | 14573 ||| INVOKING Heroism.
 14592 | Lair:4   | Reached skill level 9 in Invocations
 14619 | Lair:4   | 14619 ||| INVOKING Heroism.
 14631 | Lair:4   | HP: 15/86 [rime drake/icy flash freeze (12)]
 14632 | Lair:4   | 14632 ||| READING 4 scrolls of teleportation.
 14633 | Lair:4   | 14633 ||| DRINKING potion of heal wounds.
 14809 | Lair:4   | Reached skill level 9 in Dodging
 15125 | Lair:4   | 15125 ||| READING scroll labelled EVVEPS IZYILOSH.
 15145 | Lair:5   | Entered Level 5 of the Lair of Beasts
 15160 | Lair:5   | 15160 ||| INVOKING Heroism.
 15182 | Lair:5   | Gained mutation: Your large and strong wings let you fly.
                  | [Gargoyle growth]
 15182 | Lair:5   | Reached XP level 14. HP: 84/92 MP: 21/21
 15207 | Lair:5   | 15207 ||| STAIRDANCE
 15209 | Lair:4   | 15209 ||| INVOKING Heroism.
 15210 | Lair:4   | HP: 21/92 [seven-headed hydra (6)]
 15211 | Lair:4   | 15211 ||| READING 3 scrolls of teleportation.
 15215 | Lair:4   | HP: 13/92 [seven-headed hydra (8)]
 15275 | Lair:4   | 15275 ||| FLEEEEING.
 15276 | Lair:4   | 15276 ||| FLEEEEING.
 15277 | Lair:4   | 15277 ||| FLEEEEING.
 15278 | Lair:4   | 15278 ||| FLEEEEING.
 15292 | Lair:4   | 15292 ||| FLEEEEING.
 15324 | Lair:4   | 15324 ||| INVOKING Heroism.
 15490 | Lair:5   | 15490 ||| STAIRDANCE
 15498 | Lair:4   | 15498 ||| INVOKING Heroism.
 15801 | Lair:5   | Reached ***** piety under Okawaru
 16008 | Lair:5   | 16008 ||| READING scroll of enchant weapon.
 16008 | Lair:5   | 16008 ||| ENCHANTING +1 orcbow of freezing.
 16042 | Lair:5   | Found a staircase to the Slime Pits.
 16043 | Lair:5   | Found a viscous altar of Jiyva.
 16046 | Lair:5   | 16046 ||| INVOKING Heroism.
 16047 | Lair:5   | 16047 ||| INVOKING Finesse.
 16115 | Lair:5   | Found a runed translucent door.
 16115 | Lair:5   | Noticed qw's ghost (journeyman MiHu)
 16219 | Lair:5   | 16219 ||| Stepping ~*~*~tactically~*~*~ (outnumbered).
 16507 | Lair:5   | 16507 ||| PLANNING D:1-11
 16507 | Lair:5   | 16507 ||| READING 7 scrolls of identify.
 16507 | Lair:5   | 16507 ||| IDENTIFYING fizzy silvery potion
 16508 | Lair:5   | 16508 ||| DROPPING potion of invisibility.
 16713 | D:9      | Found a radiant altar of Vehumet.
 16713 | D:9      | Found a bloodstained altar of Trog.
 16713 | D:9      | Found a snail-covered altar of Cheibriados.
 16800 | D:9      | Received a gift from Okawaru
 16820 | D:9      | 16820 ||| INVOKING Heroism.
 16877 | D:9      | 16877 ||| INVOKING Heroism.
 17102 | D:9      | 17102 ||| READING scroll of enchant armour.
 17102 | D:9      | 17102 ||| ENCHANTING +0 cloak.
 17355 | D:9      | 17355 ||| Stepping ~*~*~tactically~*~*~ (outnumbered).
 17404 | D:9      | 17404 ||| UPGRADING to +0 pair of boots.
 17409 | D:9      | 17409 ||| DROPPING ring of fire.
 17445 | D:10     | Identified the +3 arbalest "Dufeon" {elec, rC+} (Okawaru
                  | gifted it to you on level 10 of the Dungeon)
 17445 | D:10     | Received a gift from Okawaru
 17455 | D:10     | 17455 ||| SWAPPING to +3 arbalest "Dufeon" {elec, rC+}.
 17472 | D:10     | 17472 ||| Stepping ~*~*~tactically~*~*~ (outnumbered).
 17542 | D:10     | 17542 ||| Stepping ~*~*~tactically~*~*~ (outnumbered).
 17544 | D:10     | 17544 ||| Stepping ~*~*~tactically~*~*~ (outnumbered).
 17570 | D:10     | 17570 ||| Stepping ~*~*~tactically~*~*~ (outnumbered).
 17572 | D:10     | 17572 ||| Stepping ~*~*~tactically~*~*~ (outnumbered).
 17574 | D:10     | 17574 ||| Stepping ~*~*~tactically~*~*~ (outnumbered).
 17581 | D:10     | 17581 ||| FLEEEEING.
 17583 | D:10     | 17583 ||| Stepping ~*~*~tactically~*~*~ (outnumbered).
 17625 | D:10     | 17625 ||| Stepping ~*~*~tactically~*~*~ (outnumbered).
 17633 | D:10     | 17633 ||| Stepping ~*~*~tactically~*~*~ (outnumbered).
 17646 | D:10     | 17646 ||| Stepping ~*~*~tactically~*~*~ (outnumbered).
 17648 | D:10     | 17648 ||| Stepping ~*~*~tactically~*~*~ (outnumbered).
 17655 | D:10     | 17655 ||| FLEEEEING.
 17656 | D:10     | 17656 ||| FLEEEEING.
 17657 | D:10     | 17657 ||| FLEEEEING.
 17691 | D:10     | Found a staircase to the Orcish Mines.
 18183 | D:10     | 18183 ||| UPGRADING to +2 ring mail of poison resistance.
 18193 | D:10     | 18193 ||| READING scroll labelled LOUTEL ENIELAPS.
 18433 | D:11     | Found a transporter.
 18437 | D:11     | Noticed Danoj's ghost (journeyman DsFi)
 18463 | D:11     | Reached skill level 6 in Armour
 18485 | D:11     | 18485 ||| Stepping ~*~*~tactically~*~*~ (outnumbered).
 18487 | D:11     | 18487 ||| Stepping ~*~*~tactically~*~*~ (outnumbered).
 18489 | D:11     | 18489 ||| Stepping ~*~*~tactically~*~*~ (outnumbered).
 18677 | D:11     | Found Yratinto's Antique Weapon Shop.
 18700 | D:11     | Noticed Lodul
 18712 | D:11     | Reached XP level 15. HP: 98/101 MP: 22/22
 18719 | D:11     | Killed Lodul
 18970 | D:11     | Found a transporter.
 19023 | D:11     | 19023 ||| PLANNING D
 19023 | D:11     | 19023 ||| READING 6 scrolls of identify.
 19023 | D:11     | 19023 ||| IDENTIFYING bubbling pink potion
 19024 | D:11     | 19024 ||| DROPPING potion of berserk rage.
 19087 | D:12     | Noticed Nessos
 19088 | D:12     | 19088 ||| INVOKING Finesse.
 19091 | D:12     | Killed Nessos
 19091 | D:12     | Identified the +2 hat of Okawaru, Breathing {Int+4 SInv}
                  | (Okawaru gifted it to you on level 12 of the Dungeon)
 19091 | D:12     | Received a gift from Okawaru
 19120 | D:12     | 19120 ||| SWAPPING to +1 longbow of flaming.
 19121 | D:12     | 19121 ||| DROPPING +2 orcbow of freezing.
 19156 | D:12     | 19156 ||| INVOKING Heroism.
 19367 | D:12     | Reached skill level 17 in Ranged Weapons
 19633 | D:12     | Noticed Snorg
 19640 | D:12     | Killed Snorg
 19721 | D:12     | 19721 ||| UPGRADING to +2 robe of cold resistance.
 19724 | D:12     | 19724 ||| UPGRADING to +2 robe of cold resistance.
 19734 | D:12     | 19734 ||| UPGRADING to +2 hat of Okawaru, Breathing {Int+4
                  | SInv}.
 19814 | D:12     | Identified the scarf of Zaothroch {rC+ rF+, Dex+3}
 19816 | D:12     | 19816 ||| UPGRADING to scarf of Zaothroch {rC+ rF+, Dex+3}.
 19826 | D:12     | 19826 ||| DROPPING +1 cloak.
 19827 | D:12     | 19827 ||| UPGRADING to +2 ring mail of poison resistance.
 19856 | D:12     | Found Gitudeng's Antique Weapon Emporium.
 19896 | D:12     | 19896 ||| Stepping ~*~*~tactically~*~*~ (outnumbered).
 19898 | D:12     | 19898 ||| Stepping ~*~*~tactically~*~*~ (outnumbered).
 19900 | D:12     | 19900 ||| Stepping ~*~*~tactically~*~*~ (outnumbered).
 19902 | D:12     | 19902 ||| Stepping ~*~*~tactically~*~*~ (outnumbered).
 19906 | D:12     | 19906 ||| Stepping ~*~*~tactically~*~*~ (outnumbered).
 20054 | D:12     | 20054 ||| SWAPPING to +3 triple crossbow.
 20055 | D:12     | 20055 ||| DROPPING +3 arbalest "Dufeon" {elec, rC+}.
 20422 | D:13     | 20422 ||| READING scroll of brand weapon.
 20422 | D:13     | 20422 ||| BRANDING +3 triple crossbow.
 20431 | D:13     | 20431 ||| INVOKING Heroism.
 20432 | D:13     | 20432 ||| INVOKING Finesse.
 20476 | D:13     | Reached skill level 18 in Ranged Weapons
 20618 | D:13     | 20618 ||| INVOKING Heroism.
 20620 | D:13     | 20620 ||| READING 4 scrolls of teleportation.
 20620 | D:13     | Mangled by a titanic slime creature

Levels and vault maps discovered:
D:1:      minmay_arrival_checkered_box, layout_loops_ring, corner_web_ring,
          nrook_mini_backslash
D:2:      layout_loops_corners, minmay_pentomino_r2
D:3:      cheibrodos_thug_alley, layout_basic, serial_forest,
          infiniplex_forest_straight_1, infiniplex_forest_clump_small,
          infiniplex_forest_side_room, infiniplex_forest_straight_2,
          infiniplex_forest_straight_4
D:4:      layout_basic, gammafunk_ghost_cemetery, serial_shops,
          nicolae_shop_overgrown_old_shop, minmay_misc_feat_rugged
D:5:      minmay_chambers_of_fours, layout_loops_ring, tso_altar,
          kennysheep_generic_room_14
D:6:      minmay_general_purpose_star, layout_gridville,
          chequers_temple_overflow_statue_of_worship,
          minmay_temple_entry_mini_moons, portal_sewer_entry_e
D:7:      layout_layer_cave, nicolae_hepliaklqana_ecumenical_no_more,
          serial_rivers, chequers_serial_rivers_small_a,
          chequers_serial_rivers_room_a, chequers_serial_rivers_small_3,
          chequers_serial_rivers_large_b, chequers_serial_rivers_room_b,
          enter_bailey_4
D:8:      layout_basic, nicolae_sif_muna_little_library, david_lair_shrubbed,
          water_boxes_lemuel, uniq_psyche, uniq_maurice
D:9:      layout_irregular_city, gammafunk_temple_overflow_claw,
          chequers_serial_rivers_micro_c, kennysheep_kite_vault
D:10:     layout_roguey, david_orc_5
D:11:     layout_roguey, gammafunk_ghost_stat_death, serial_shops, shop,
          uniq_lodul
D:12:     layout_basic, serial_shops, nicolae_shop_just_a_little_nook,
          minmay_pinched_square, uniq_snorg, uniq_nessos
D:13:     layout_gridville
Temple:   nicolae_temple_great_sept
Lair:1:   layout_misc_corridors, uniq_gastronok
Lair:2:   layout_layer_cave, eino_small_chamber_without_monster,
          lemuel_fruit_fields, infiniplex_staircase_pool, grunt_megastairs_4
Lair:3:   layout_regular_city, minmay_swamp_entry_swarm,
          guppyfry_snake_entry_garden, grunt_megastairs_3, lemuel_fruit_fields,
          infiniplex_staircase_pool_2
Lair:4:   nzn_winding_woodlands_small
          [nzn_winding_woodlands_5x15_pathside_ponds,
          nzn_winding_woodlands_center_lodge, nzn_winding_woodlands_5x15_pool],
          layout_loops_ring, special_room [special_room_mythical_zoo],
          enter_volcano_3
Lair:5:   minmay_lair_end_frog_pond, layout_hall_layers, slime_entry_1,
          gammafunk_ghost_grave, eino_house_with_fridge

Skill      XL: |  1  2  3  4  5  6  7  8  9 10 11 12 13 14 15 |
---------------+----------------------------------------------+-----
Ranged Weapons | 5 6 7 8 9 11 12 14 16 18 | 18.0
Armour         | 1 2 3 4 7 |  7.1
Fighting       | 3 4 5 6 7 8 10 11 12 14 | 14.5
Dodging        | 2 3 4 5 6 7 9 10 | 10.0
Invocations    | 3 4 5 9 10 | 10.0
Stealth        | |  1.1

Action                     |  1- 3 |  4- 6 |  7- 9 | 10-12 | 13-15 || total
---------------------------+-------+-------+-------+-------+-------++-------
   Fire: Shortbow          |    97 |   178 |     5 |       |       ||   280
         Orcbow            |       |       |   354 |   697 |   827 ||  1878
         Arbalest          |       |       |       |       |   192 ||   192
         Longbow           |       |       |       |       |   171 ||   171
         Triple crossbow   |       |       |       |       |    28 ||    28
 Invoke: Heroism           |       |       |     2 |    35 |    22 ||    59
         Finesse           |       |       |       |       |     3 ||     3
    Use: Scroll            |     3 |     9 |     6 |     9 |    10 ||    37
         Potion            |     1 |     2 |     2 |       |     1 ||     6
 Armour: Leather armour    |    12 |       |       |       |       ||    12
         Ring mail         |     8 |    48 |    89 |    39 |    45 ||   229
         Skin              |       |     5 |       |       |       ||     5
         Robe              |       |       |       |   127 |   172 ||   299
  Dodge: Dodged            |    30 |    51 |   144 |   493 |   835 ||  1553

Table legend:
 A = Non-vault XP
 B = Vault XP
 C = Vault XP percentage of total XP
 D = Non-vault monster count
 E = Vault monster count
 F = Vault count percentage of total count
                 A         B        C        D         E       F
            +---------+---------+-------+---------+---------+-------
      Total |   65952 |   41156 |  38.4 |     392 |     202 |  34.0
            +---------+---------+-------+---------+---------+-------
        D:1 |      46 |       0 |   0.0 |      22 |       0 |   0.0
        D:2 |     118 |       3 |   2.5 |      26 |       2 |   7.1
        D:3 |      64 |     114 |  64.0 |      22 |       9 |  29.0
        D:4 |     348 |     112 |  24.3 |      20 |       1 |   4.8
        D:5 |     804 |     585 |  42.1 |      16 |       7 |  30.4
        D:6 |    1004 |     129 |  11.4 |      23 |       1 |   4.2
        D:7 |    1504 |      14 |   0.9 |      20 |       5 |  20.0
        D:8 |     888 |    1195 |  57.4 |      17 |       3 |  15.0
        D:9 |    3712 |    3991 |  51.8 |      29 |      16 |  35.6
       D:10 |    3548 |    1090 |  23.5 |      25 |      23 |  47.9
       D:11 |    5288 |    1773 |  25.1 |      18 |      10 |  35.7
       D:12 |    8329 |    6969 |  45.6 |      27 |      17 |  38.6
       D:13 |    3450 |       0 |   0.0 |       9 |       0 |   0.0
     Lair:1 |    5397 |    1440 |  21.1 |      18 |       1 |   5.3
     Lair:2 |    4031 |     594 |  12.8 |      13 |       5 |  27.8
     Lair:3 |    9448 |    2168 |  18.7 |      33 |      12 |  26.7
     Lair:4 |    9382 |   11780 |  55.7 |      29 |      45 |  60.8
     Lair:5 |    8591 |    9199 |  51.7 |      25 |      45 |  64.3
            +---------+---------+-------+---------+---------+-------
